 Dungeon Crawl Stone Soup version 0.30-a0-347-gf58ed5266c (webtiles) character file.

Game seed: 11092019772066860318

336 purpskrrrp the Ruffian (level 6, -3/59 HPs)
             Began as a Troll Fighter on Nov 6, 2022.
             Slain by a gnoll sergeant
             ... wielding a +0 spear
              (9 damage)
             ... on level 4 of the Dungeon.
             The game lasted 00:04:40 (1805 turns).

purpskrrrp the Ruffian (Troll Fighter)              Turns: 1805, Time: 00:04:41

Health: -3/59      AC:  4    Str: 27    XL:     6   Next: 28%
Magic:  0/5        EV:  8    Int:  4    God:
Gold:   111        SH:  8    Dex: 11    Spells: 5/5 levels left

rFire   . . .      SeeInvis .      - Unarmed
rCold   . . .      Faith    .    b - +1 kite shield
rNeg    + . .      Spirit   +    a - +0 robe
rPois   .          Reflect  .    (helmet restricted)
rElec   +          Harm     .    (no cloak)
rCorr   .          Rampage  .    (gloves unavailable)
Will    .....      Rnd*Tele +    (boots unavailable)
Stlth   ++........               d - amulet "Houheikk" {Spirit rElec rN+ Regen+}
HPRegen 1.89/turn                (no ring)
MPRegen 0.09/turn                (no ring)

@: mighty
A: large, unfitting armour, claws 3, regeneration 1, shaggy fur 1, tough skin 1,
thin skeletal structure 1, teleportitis 1
a: no special abilities


You were on level 4 of the Dungeon.
You visited 1 branch of the dungeon, and saw 4 of its levels.

You collected 111 gold pieces.

Inventory:

Armour
 a - a +0 robe (worn)
 b - a +1 kite shield (worn)
Jewellery
 d - the amulet "Houheikk" (around neck) {Spirit rElec rN+ Regen+}
   (You found it on level 3 of the Dungeon)

   [amulet of guardian spirit]

   It causes incoming damage to be divided between your reserves of health and
   magic.
   rElec:     It insulates you from electricity.
   rN:        It protects you from negative energy.
   Regen:     It increases your rate of health regeneration.
Scrolls
 f - 2 scrolls of poison
Potions
 e - 3 potions of cancellation
 g - a potion of mutation
 i - 2 potions of lignification {unknown}
 j - a potion of magic {unknown}
 k - a potion of curing {unknown}
 n - a potion of invisibility {unknown}


   Skills:
 - Level 2.4 Fighting
 - Level 2.4 Dodging
 - Level 2.6 Shields
 + Level 6.7 Unarmed Combat


You had 5 spell levels left.
You didn't know any spells.
Your spell library contained the following spells:

 Spells                   Type           Power      Damage    Failure   Level
 Sandblast                Erth           0%         2d4       80%         1
 Ensorcelled Hibernation  Hex/Ice        0%         N/A       91%         2
 Passwall                 Tmut/Erth      0%         N/A       91%         2
 Scorch                   Fire           0%         2d5       91%         2
 Spider Form              Tmut/Pois      0%         N/A       99%         3
 Stone Arrow              Conj/Erth      0%         3d7       99%         3
 Anguish                  Hex/Necr       0%         N/A       100%        4
 Flame Wave               Conj/Fire      0%         2d4       100%        4
 Summon Cactus Giant      Summ           0%         N/A       100%        6


Dungeon Overview and Level Annotations

Branches:
Dungeon (4/15)
 Temple: D:4-7

Altars:

Shops:
D:1 [


Innate Abilities, Weirdness & Mutations

You are too large for most types of armour.
You have claws for hands.
Your natural rate of healing is unusually fast.
You are covered in fur. (AC +1)
You have tough skin. (AC +1)
You have a somewhat thin skeletal structure. (Dex +2, Stealth+)
You are occasionally teleported next to monsters.


Message History

* * * LOW HITPOINT WARNING * * *
The gnoll sergeant barely misses you.
You feel much better. The gnoll barely misses you.
You block the gnoll sergeant's attack. The gnoll hits you with a +0 halberd!
You block the gnoll's attack. x2
The gnoll sergeant closely misses you.
You see here a +0 club.
You are too injured to fight recklessly!
You are too injured to fight recklessly!
You are too injured to fight recklessly!
You are too injured to fight recklessly!
You are too injured to fight recklessly!
You are too injured to fight recklessly!
You are too injured to fight recklessly!
You are too injured to fight recklessly!
You are too injured to fight recklessly!
You are too injured to fight recklessly!
You are too injured to fight recklessly!
You are too injured to fight recklessly!
You are too injured to fight recklessly!
You are too injured to fight recklessly!
You are too injured to fight recklessly!
You are too injured to fight recklessly!
You are too injured to fight recklessly!
You are too injured to fight recklessly!
You are too injured to fight recklessly!
You are too injured to fight recklessly!
You claw the gnoll sergeant!
The gnoll sergeant is moderately wounded.
The gnoll barely misses you. The gnoll hits you with a +0 halberd!
The gnoll sergeant hits you with a +0 spear!
* * * LOW HITPOINT WARNING * * *
You block the gnoll's attack. The gnoll sergeant blocks your attack.
The gnoll sergeant is moderately wounded.
The gnoll hits you with a +0 halberd.
* * * LOW HITPOINT WARNING * * *
You block the gnoll's attack. The gnoll barely misses you.
The gnoll sergeant hits you with a +0 spear!
You die...

#............#
#.##########.# #.#
######.#
##.#####......#
#..#..........# #...
#..#####......#
.....#..# ######.#
.....#..##########.#
.....##.gg@........#
.........g##########
........)g#
..........#
..........#
####....### #....#
#....# ..# #...?#


You could see a gnoll sergeant and 3 gnolls.

Vanquished Creatures
  An orc priest (D:3)
  Jessica (D:3)
  Natasha (twice) (D:2)
  Terence (D:2)
  Robin (D:4)
  7 gnolls
  4 adders
  A worm (D:2)
  A dart slug (D:1)
  7 orcs (D:3)
  3 ball pythons
  9 bats
  5 endoplasms
  A giant cockroach (D:1)
  15 goblins
  9 hobgoblins
  5 quokkas
  3 frilled lizards
  4 kobolds
  6 rats
86 creatures vanquished.

Vanquished Creatures (others)
  A goblin (D:4)
1 creature vanquished.

Grand Total: 87 creatures vanquished

Notes
Turn   | Place    | Note
-------+----------+-------------------------------------------
     0 | D:1      | purpskrrrp the Troll Fighter began the quest for the Orb.
     0 | D:1      | Reached XP level 1. HP: 22/22 MP: 0/0
    35 | D:1      | Found Reyzory's Armour Shoppe.
    86 | D:1      | Reached skill level 3 in Unarmed Combat
    86 | D:1      | Reached XP level 2. HP: 23/29 MP: 1/1
   167 | D:1      | Reached XP level 3. HP: 35/36 MP: 2/2
   424 | D:2      | Reached skill level 4 in Unarmed Combat
   462 | D:2      | Noticed Natasha
   467 | D:2      | Killed Natasha
   468 | D:2      | Reached XP level 4. HP: 44/44 MP: 3/3
   675 | D:2      | Noticed Terence
   684 | D:2      | Killed Terence
   685 | D:2      | Reached skill level 5 in Unarmed Combat
   844 | D:2      | Reached XP level 5. HP: 45/50 MP: 4/4
   893 | D:2      | Noticed Natasha
   900 | D:2      | Killed Natasha
  1228 | D:3      | Reached skill level 6 in Unarmed Combat
  1234 | D:3      | Identified the amulet "Houheikk" {Spirit rElec rN+ Regen+}
  1513 | D:3      | Reached XP level 6. HP: 58/59 MP: 5/5
  1538 | D:3      | Noticed Jessica
  1542 | D:3      | Killed Jessica
  1683 | D:4      | Noticed Robin
  1701 | D:4      | Killed Robin
  1798 | D:4      | Gained mutation: You have a somewhat thin skeletal
                  | structure. (Dex +2, Stealth+) [potion of mutation]
  1798 | D:4      | Gained mutation: You are occasionally teleported next to
                  | monsters. [potion of mutation]
  1805 | D:4      | Slain by a gnoll sergeant

Illustrated notes

Levels and vault maps discovered:
D:1:      dpeg_arrival_orchard, layout_rooms, serial_shops,
          nicolae_shop_hallway_plus, hangedman_feature_mirror
D:2:      layout_loops_ring, uniq_natasha, uniq_terence
D:3:      layout_rooms, uniq_jessica
D:4:      layout_gridville, amcnicky_altar_gilded, kennysheep_nub,
          chequers_jeans, uniq_robin

Skill      XL: |  1  2  3  4  5 |
---------------+----------------+-----
Unarmed Combat | 3 4 5 6 |  6.7
Fighting       | |  2.4
Dodging        | |  2.4
Shields        | |  2.6

Action                   |  1- 3 |  4- 6 || total
-------------------------+-------+-------++-------
Melee: Unarmed           |    88 |   140 ||   228
  Use: Scroll            |       |     7 ||     7
       Potion            |       |     4 ||     4
 Stab: Sleeping          |     1 |       ||     1
Armor: Robe              |    37 |    46 ||    83
Dodge: Dodged            |    42 |    71 ||   113
Block: Kite shield       |    35 |    75 ||   110

Table legend: (Time is in decaauts)
 A = Elapsed time spent in this place.
 B = Non-inter-level travel time spent in this place.
 C = Inter-level travel time spent in this place.
 D = Time resting spent in this place.
 E = Time spent auto-exploring this place.
 F = Levels seen in this place.
 G = Mean time per level.
                   A        B        C        D        E       F      G
               +--------+--------+--------+--------+--------+-----+--------+
         Total |   1822 |   1768 |     54 |     39 |   1249 |   4 |  455.5 |
       Dungeon |   1822 |   1768 |     54 |     39 |   1249 |   4 |  455.5 |
               +--------+--------+--------+--------+--------+-----+--------+

Top non-repeatable levels by time:
     D:2: 769 daAuts
     D:1: 464 daAuts
     D:3: 445 daAuts
     D:4: 142 daAuts
